 Dungeon Sprint DCSS version 0.24-a0-537-g2d01d4a (webtiles) character file.

Game seed: 7654597271936665744

14165 Faca the Warrior (level 12, -7/114 HPs)
             Began as a Formicid Fighter on Aug 13, 2019.
             Was the Champion of the Shining One.
             Mangled by an orc knight
             ... wielding a +0 great sword
              (17 damage)
             ... in the Dungeon (Sprint IX: "|||||||||||||||||||||||||||||").
             The game lasted 00:07:08 (1935 turns).

Faca the Warrior (Formicid Fighter)                 Turns: 1935, Time: 00:07:08

Health: -7/114     AC: 29    Str: 24    XL:     12   Next: 41%
Magic:  12/12      EV: 11    Int: 10    God:    the Shining One [******]
Gold:   1672       SH: 14    Dex: 13    Spells: 11/11 levels left

rFire    . . .     SeeInvis +   p - +2 morningstar (protect)
rCold    . . .     Gourm    .   c - +0 shield
rNeg     + + +     Faith    .   r - +0 plate armour
rPois    .         Spirit   .   (helmet unavailable)
rElec    .         Reflect  .   a - +0 cloak
rCorr    .         Harm     .   q - +0 pair of gloves
MR       +....                  t - +0 pair of boots
Stlth    ..........             h - amulet of regeneration
HPRegen  0.69/turn              g - +3 ring of dexterity
MPRegen  0.13/turn              (no ring)

@: protection aura, glowing
A: permanent stasis, dig shafts and tunnels, four strong arms, antennae 3
a: Dig, Divine Shield, Cleansing Flame, Summon Divine Warrior, Brand Weapon With
Holy Wrath, Renounce Religion


You were in the Dungeon.
You worshipped the Shining One.
The Shining One was exalted by your worship.
You were not hungry.

You visited 1 branch You collected 1672 gold pieces.

Inventory:

Hand Weapons
 p - a +2 morningstar of protection (weapon)
 u - a +0 great mace
Armour
 a - a +0 cloak (worn)
 c - a +0 shield (worn)
 q - a +0 pair of gloves (worn)
 r - a +0 plate armour (worn)
 t - a +0 pair of boots (worn)
Jewellery
 g - a +3 ring of dexterity (left hand)
 h - an amulet of regeneration (around neck)
Wands
 o - a wand of iceblast (10)
Scrolls
 j - 2 scrolls of enchant weapon
 k - 2 scrolls of fear
 m - 3 scrolls of remove curse
 n - a scroll of identify
Potions
 b - a potion of mutation
 d - 2 potions of might
 e - 6 potions of curing
 i - 4 potions of magic
 l - 2 potions of heal wounds
Comestibles
 f - 12 rations
 s - 3 chunks of flesh


   Skills:
 + Level 17.0 Fighting
 + Level 15.6 Maces & Flails
 + Level 15.2 Armour
 + Level 7.6 Dodging
 - Level 13.9 Shields


You had 11 spell levels left.
You didn't know any spells.
Your spell library was empty.

Dungeon Overview and Level Annotations

Branches:
Dungeon (1/1)

Altars:
Cheibriados
Dithmenos
Elyvilon
Fedhas
Gozag
Hepliaklqana
Kikubaaqudgha
Makhleb
Nemelex Xobeh
Okawaru
Qazlal
Ru
Sif Muna
Trog
Uskayaw
Vehumet
Wu Jian
Xom
Yredelemnul
Zin
The Shining One
Beogh
Jiyva
Lugonu

Shops:
D !*%:


Innate Abilities, Weirdness & Mutations

You cannot be hasted, slowed, berserked, paralysed or teleported.
You can dig through walls and to a lower floor.
Your four strong arms can wield two-handed weapons with a shield.
You have a pair of large antennae on your head. (SInv)


Message History

You impale the orc knight!!
The orc knight is moderately wounded.
You hit the orc knight.
The orc knight is moderately wounded.
The orc knight hits you with a +0 great sword!
* * * LOW HITPOINT WARNING * * *
You puncture the orc knight!
The orc knight is severely wounded.
The orc knight hits you with a +0 great sword!
* * * LOW HITPOINT WARNING * * *
The neqoxec gestures.
You sock the orc knight!
The orc knight is severely wounded.
You hit the orc knight but do no damage.
The orc knight is severely wounded.
The hellwing swoops through the air toward you!
The hellwing hits you but does no damage.
You block the hellwing's attack.
The orc knight hits you with a +0 great sword!
You die...

▓)▓.▓[▓.▓
▓.▓.▓[▓.▓5▓
{
▓.▓.▓.▓.▓5▓
{
▓.▓.▓.▓.▓3▓
{
▓.▓.▓'▓.▓$▓
{
▓)▓.▓.▓.▓o▓
{
▓.▓.▓(▓.▓4▓
{
▓(▓.▓.▓.▓o▓
{
▓?▓.▓?▓.▓@▓
{
▓.▓.▓.▓.▓4▓
{
▓.▓.▓.▓.▓∩▓
{
▓.▓.▓†▓.▓.▓
{
▓.▓.▓†▓.▓∩▓
{
▓)▓.▓.▓.▓.▓
{
▓|▓.▓.▓.▓)▓
{
▓.▓.▓.▓.▓.▓
{
▓!▓.▓.▓.▓.▓


You could see an orc knight, an orc high priest, a hellwing, a rust devil, a
neqoxec and 2 iron imps.

Vanquished Creatures
  A hydra (D)
  4 orc high priests (D)
  Sonja (D)
  7 orc knights (D)
  2 lindwurms (D)
  3 orc sorcerers (D)
  An ugly thing (D)
  3 spiny frogs (D)
  3 tyrant leeches (D)
  A hippogriff (D)
  A blink frog (D)
  A wyvern (D)
  A shadow (D)
  A steam dragon (D)
  A basilisk (D)
  2 yaks (D)
  An acid dragon (D)
  2 porcupines (D)
  10 orc warriors (D)
  3 centaurs (D)
  A wolf (D)
  A crocodile (D)
  4 bullfrogs (D)
  3 wights (D)
  A killer bee (D)
  5 orc priests (D)
  A worker ant (D)
  3 orc wizards (D)
  3 worms (D)
  A leopard gecko (D)
  6 orcs (D)
  A goblin (D)
  A hobgoblin (D)
  A kobold (D)
  A quokka (D)
  A bat (D)
  A rat (D)
84 creatures vanquished.

Vanquished Creatures (others)
  A leopard gecko zombie (D)
1 creature vanquished.

Grand Total: 85 creatures vanquished

Notes
Turn   | Place    | Note
-------+----------+-------------------------------------------
     0 | D        | Faca the Formicid Fighter began the quest for the Orb.
     0 | D        | Reached XP level 1. HP: 18/18 MP: 1/1
    15 | D        | Reached skill level 4 in Fighting
   100 | D        | Noticed a centaur
   100 | D        | Noticed a centaur
   100 | D        | Noticed a worker ant
   103 | D        | Reached XP level 2. HP: 26/26 MP: 2/2
   113 | D        | Reached skill level 5 in Fighting
   113 | D        | Reached XP level 3. HP: 18/34 MP: 3/3
   116 | D        | Killed a centaur
   116 | D        | Reached skill level 8 in Fighting
   116 | D        | Reached XP level 4. HP: 17/44 MP: 4/4
   116 | D        | Reached XP level 5. HP: 19/49 MP: 5/5
   121 | D        | Killed a centaur
   121 | D        | Reached skill level 9 in Fighting
   121 | D        | Reached XP level 6. HP: 29/58 MP: 6/6
   285 | D        | Found a roughly hewn altar of Beogh.
   285 | D        | Found a snail-covered altar of Cheibriados.
   285 | D        | Found a shadowy altar of Dithmenos.
   285 | D        | Found a white marble altar of Elyvilon.
   285 | D        | Found a blossoming altar of Fedhas.
   285 | D        | Found an opulent altar of Gozag.
   286 | D        | Found a hazy altar of Hepliaklqana.
   287 | D        | Found a viscous altar of Jiyva.
   288 | D        | Found an ancient bone altar of Kikubaaqudgha.
   289 | D        | Found a corrupted altar of Lugonu.
   290 | D        | Found a burning altar of Makhleb.
   291 | D        | Found a sparkling altar of Nemelex Xobeh.
   292 | D        | Found an iron altar of Okawaru.
   293 | D        | Found a stormy altar of Qazlal.
   294 | D        | Found a sacrificial altar of Ru.
   295 | D        | Found a shimmering blue altar of Sif Muna.
   296 | D        | Found a bloodstained altar of Trog.
   297 | D        | Found a hide-covered altar of Uskayaw.
   298 | D        | Found a radiant altar of Vehumet.
   299 | D        | Found an ornate altar of the Wu Jian Council.
   300 | D        | Found a shimmering altar of Xom.
   301 | D        | Found a basalt altar of Yredelemnul.
   302 | D        | Found a glowing silver altar of Zin.
   303 | D        | Found a glowing golden altar of the Shining One.
   311 | D        | Became a worshipper of the Shining One
   361 | D        | Noticed a steam dragon
   361 | D        | Reached * piety under the Shining One
   373 | D        | Killed a steam dragon
   373 | D        | Reached skill level 10 in Fighting
   373 | D        | Reached skill level 5 in Armour
   373 | D        | Reached XP level 7. HP: 45/66 MP: 7/7
   477 | D        | Reached ** piety under the Shining One
   477 | D        | Noticed a shadow
   477 | D        | Noticed a white ugly thing
   477 | D        | Reached *** piety under the Shining One
   477 | D        | Noticed an acid dragon
   480 | D        | Killed an acid dragon
   484 | D        | HP: 3/67 [white ugly thing (4)]
   484 | D        | The Shining One protects you from harm!
   491 | D        | Killed a white ugly thing
   491 | D        | Reached skill level 11 in Fighting
   491 | D        | Reached skill level 10 in Maces & Flails
   491 | D        | Reached XP level 8. HP: 5/75 MP: 8/8
   498 | D        | Reached **** piety under the Shining One
   502 | D        | Killed a shadow
   890 | D        | Noticed a basilisk
   890 | D        | Noticed a yak
   890 | D        | Reached ***** piety under the Shining One
   891 | D        | Noticed a yak
   897 | D        | Reached skill level 12 in Fighting
   899 | D        | Noticed a spiny frog
   903 | D        | Killed a yak
   903 | D        | Reached XP level 9. HP: 61/82 MP: 9/9
   909 | D        | Reached skill level 10 in Shields
   929 | D        | Killed a spiny frog
   929 | D        | Reached skill level 13 in Fighting
   929 | D        | Reached skill level 10 in Armour
  1045 | D        | Noticed an eight-headed hydra
  1045 | D        | Noticed a spiny frog
  1045 | D        | Noticed a spiny frog
  1048 | D        | Noticed a blink frog
  1050 | D        | Killed a spiny frog
  1057 | D        | Noticed a hippogriff
  1060 | D        | Killed an eight-headed hydra
  1060 | D        | Reached XP level 10. HP: 52/93 MP: 10/10
  1070 | D        | Reached skill level 14 in Fighting
  1072 | D        | Killed a spiny frog
  1158 | D        | Noticed a lindwurm
  1158 | D        | Noticed a lindwurm
  1158 | D        | Reached ****** piety under the Shining One
  1188 | D        | Killed a lindwurm
  1197 | D        | Killed a lindwurm
  1206 | D        | Reached XP level 11. HP: 44/101 MP: 11/11
  1359 | D        | Noticed Sonja
  1361 | D        | Killed Sonja
  1361 | D        | Reached skill level 15 in Fighting
  1418 | D        | Reached skill level 1 in Dodging
  1467 | D        | Noticed an orc sorcerer
  1482 | D        | Noticed an orc sorcerer
  1489 | D        | Killed an orc sorcerer
  1495 | D        | Noticed an orc sorcerer
  1497 | D        | Killed an orc sorcerer
  1500 | D        | Noticed a sixfirhy
  1508 | D        | Noticed a soul eater
  1528 | D        | Killed an orc sorcerer
  1570 | D        | Found Kauf's Book Boutique.
  1570 | D        | Noticed an orc knight
  1570 | D        | Noticed an orc high priest
  1570 | D        | Noticed an orc knight
  1570 | D        | Noticed an orc high priest
  1570 | D        | Noticed an orc knight
  1626 | D        | Killed an orc high priest
  1631 | D        | Killed an orc high priest
  1631 | D        | Reached skill level 16 in Fighting
  1631 | D        | Reached skill level 5 in Dodging
  1642 | D        | Killed an orc knight
  1653 | D        | Killed an orc knight
  1653 | D        | Reached skill level 15 in Maces & Flails
  1663 | D        | Killed an orc knight
  1663 | D        | Reached XP level 12. HP: 32/113 MP: 12/12
  1817 | D        | Noticed an orc high priest
  1827 | D        | Noticed a sun demon
  1827 | D        | Noticed a soul eater
  1838 | D        | Killed an orc high priest
  1873 | D        | Noticed an orc high priest
  1875 | D        | Found Ukall's Food Shop.
  1877 | D        | Found Guuni's Assorted Antiques.
  1883 | D        | Killed an orc high priest
  1897 | D        | Found Oxtil's Distillery.
  1903 | D        | Noticed an orc high priest
  1914 | D        | Reached skill level 15 in Armour
  1930 | D        | Reached skill level 17 in Fighting
  1935 | D        | Mangled by an orc knight

Levels and vault maps discovered:
D:        linesprint [early_d, line_temple, items_1, d_10, items_2, lair_1,
          lair_end, items_3, orc_1, orc_end, items_4, d_15, swamp_1, shoals_1,
          snake_1, spider_1, d_20, vaults_1, items_5, swamp_end, shoals_end,
          snake_end, spider_end, vaults_end, d_27, items_6, zot_1, zot_end,
          crypt_end, forest_end, elf_end, slime_end, tomb_end, abyss_end,
          pan_hell_end]

Skill      XL: |  1  2  3  4  5  6  7  8  9 10 11 12 |
---------------+-------------------------------------+-----
Fighting       | 4 5 8 9 10 11 12 13 14 16 17 | 17.0
Maces & Flails | 3 4 6 8 9 10 11 12 13 15 | 15.6
Shields        | 6 8 9 12 13 | 13.9
Armour         | 5 7 9 11 12 14 15 | 15.2
Dodging        | 6 7 |  7.6

Action                   |  1- 3 |  4- 6 |  7- 9 | 10-12 || total
-------------------------+-------+-------+-------+-------++-------
Melee: Flail             |    35 |     3 |       |       ||    38
       Morningstar       |       |    11 |    92 |   260 ||   363
  Use: Potion            |       |     1 |     1 |       ||     2
  Eat: Chunk             |       |       |     1 |     3 ||     4
Armor: Scale mail        |     8 |       |       |       ||     8
       Plate armour      |       |     9 |    41 |    69 ||   119
Dodge: Dodged            |    14 |     4 |    11 |    29 ||    58
Block: Shield            |    16 |    10 |    46 |   114 ||   186

Table legend:
 A = Non-vault XP
 B = Vault XP
 C = Vault XP percentage of total XP
 D = Non-vault monster count
 E = Vault monster count
 F = Vault count percentage of total count
                 A         B        C        D         E       F
            +---------+---------+-------+---------+---------+-------
      Total |       0 |   20237 | 100.0 |       0 |      84 | 100.0
            +---------+---------+-------+---------+---------+-------
          D |       0 |   20237 | 100.0 |       0 |      84 | 100.0
            +---------+---------+-------+---------+---------+-------
